Map: Cyber Forest LE

Players

ghOst

  • Race: Terran Terran
  • League: Diamond
  • Spawn Location: 11:00

Smeeeger - Winner!

  • Race: Zerg Zerg
  • League: Platinum
  • Spawn Location: 5:00

VOD

Have the link to the VOD?

Description

Time

  • Played on: July 21, 2019, 9:26 a.m.
  • Length: 4:26
Show
View Real Time Build Order
Export as new Build Order

ghOst Terran 

Build Orders:  

Get SALT Encoding   

  12  0:01  SCV  
  13  0:13  SCV  
  14  0:17  Supply Depot  
  14  0:25  SCV  
  15  0:39  SCV  
  15  0:40  Barracks  
  16  0:51  SCV  
  17  0:58  Supply Depot  
  17  1:03  Barracks  
  17  1:06  SCV  
  18  1:19  Barracks  
  18  1:26  Marine  
  18  1:30  Orbital Command  
  19  1:44  Barracks  
  19  1:46  Marine  
  20  1:52  Marine  
  21  1:57  SCV  
  22  2:01  Supply Depot  
  22  2:04  Marine  
  23  2:11  Barracks  
  23  2:14  Marine  
  24  2:16  Marine  
  24  2:19  SCV  
  26  2:23  Marine  
  27  2:31  Marine  
  27  2:33  SCV  
  27  2:34  Marine x2  
  31  2:54  Marine x4  
  36  2:58  SCV  
  36  3:01  Marine  
  37  3:11  Marine  
  37  3:12  Marine  
  33  3:38  Marine x5  
  24  3:55  Marine  
  24  3:56  Marine x4  
Show
View Real Time Build Order
Export as new Build Order

Smeeeger Zerg - Winner!

Build Orders: Hatch First 

Get SALT Encoding   

  12  0:01  Drone  
  13  0:15  Overlord  
  13  0:19  Drone  
  14  0:34  Drone x2  
  16  0:46  Drone  
  16  0:49  Drone  
  18  1:05  Drone  
  18  1:06  Extractor  
  18  1:07  Hatchery  
  17  1:15  Drone  
  18  1:19  Spawning Pool  
  18  1:20  Drone  
  18  1:31  Drone  
  19  1:41  Overlord  
  19  2:06  Queen  
  19  2:07  Zergling x4  
  23  2:19  Queen  
  23  2:22  Zergling x4  
  27  2:41  Drone x3  
  27  2:42  Drone, Queen  
  33  3:00  Spine Crawler  
  33  3:01  Spine Crawler  
  33  3:03  Spine Crawler  
  30  3:05  Metabolic Boost  
  30  3:10  Overlord  
  28  3:28  Queen  
  28  3:47  Zergling x10  
  28  3:48  Drone x3  
  34  3:58  Zergling x2  
  35  4:09  Drone  
Tags
 
Add a new tag
Caveats
  • Supply blocks, unpowered buildings, or Contaminate may cause inaccurate times.
  • Supply counts are checked every 10 seconds.